 Dungeon Crawl Stone Soup version 0.29-a0-194-g6e3aafee17 (webtiles) character file.

Game seed: 15486060542554385554

11 Zeldest the Sneak (level 2, 0/24 HPs)
             Began as a Mummy Delver on Feb 22, 2022.
             Slain by a kobold
             ... wielding a +0 whip
              (3 damage)
             ... in a sewer.
             The game lasted 00:01:13 (371 turns).

Zeldest the Sneak (Mummy Delver)                     Turns: 371, Time: 00:01:14

Health: 0/24       AC:  3    Str: 15    XL:     2   Next: 17%
Magic:  2/2        EV: 11    Int:  9    God:
Gold:   13         SH:  0    Dex: 13    Spells: 1/1 levels left

rFire   x . .      SeeInvis .   a - +0 hand axe
rCold   + . .      Faith    .   (no shield)
rNeg    + + +      Spirit   .   b - +0 leather armour
rPois   ∞          Reflect  .   (no helmet)
rElec   .          Harm     .   (no cloak)
rCorr   .          Rampage  .   (no gloves)
Will    .....                   (no boots)
Stlth   ++........              (no amulet)
HPRegen 0.08/turn               (no ring)
MPRegen 0.08/turn               (no ring)

@: no status effects
A: cold resistance 1, negative energy resistance 3, torment resistance 2, heat
vulnerability 1, no potions
a: no special abilities


You were in a sewer.
You visited 1 branch of the dungeon, and saw 1 of its levels.
You also visited: Sewer.

You collected 13 gold pieces.

Inventory:

Hand Weapons
 a - a +0 hand axe (weapon)
Armour
 b - a +0 leather armour (worn)
Wands
 f - a wand of digging (3)
Scrolls
 c - a scroll of fog


   Skills:
 + Level 3.2 Fighting
 + Level 1.8 Axes
 + Level 1.8 Dodging
 + Level 4.2 Stealth


You had one spell level left.
You didn't know any spells.
Your spell library was empty.

Dungeon Overview and Level Annotations

Branches:
Dungeon (5/15)              Sewer (1/1)
 Temple: D:4-7

Altars:

Annotations:
D:5 Prince Ribbit


Innate Abilities, Weirdness & Mutations

You are immune to poison.
Your flesh is cold resistant. (rC+)
You are immune to negative energy. (rN+++)
You are immune to unholy pain and torment.
You are vulnerable to heat. (rF-)
You do not drink.


Message History

The worm closely misses you.
A rat comes into view.
The rat closely misses you.
You hit the rat.
The rat is heavily wounded.
You hit the worm but do no damage. The rat barely misses you.
You hit the rat.
You kill the rat!
You barely miss the worm.
You see here a rat corpse.
The rat closely misses you. The rat bites you.
* * * LOW HITPOINT WARNING * * *
You hit the rat.
The rat is heavily wounded.
The rat barely misses you. The rat misses you.
You hit the rat.
You kill the rat!
You see here a rat corpse.
You barely miss the worm.
Found 3 orange potions.
Found a scroll labelled TOIJIA VOCO. 2 kobolds come into view.
The kobold shouts!
You closely miss the kobold.
The kobold shouts!
You hit the kobold. The kobold misses you. The kobold closely misses you.
The kobold hits you with a +0 dagger.
* * * LOW HITPOINT WARNING * * *
You hit the kobold but do no damage. You hit the kobold.
You kill the kobold!
The kobold hits you with a +0 whip.
* * * LOW HITPOINT WARNING * * *
You completely miss the kobold. The kobold misses you.
The kobold hits you but does no damage.
Things that are here:
a +0 dagger; a kobold corpse You closely miss the kobold.
The kobold completely misses you.
You closely miss the kobold. The kobold hits you with a +0 whip.
You die...

## ###.#
##...#
#.?≈.# #.!≈#
#K@# ##.#
#.# #w#
##w##
##.≈.##
.≈####.≈≈..#
..≈≈≈≈≈≈...#
.####.....#


You could see 2 worms and a kobold.

Vanquished Creatures
  A howler monkey skeleton (D:5)
  A kobold (Sewer)
  2 rats (Sewer)
4 creatures vanquished.

Notes
Turn   | Place    | Note
-------+----------+-------------------------------------------
     0 | D:5      | Zeldest the Mummy Delver began the quest for the Orb.
     0 | D:5      | Reached XP level 1. HP: 18/18 MP: 1/1
    42 | D:5      | Reached XP level 2. HP: 11/24 MP: 2/2
    46 | D:5      | Noticed Prince Ribbit
   226 | D:5      | Found a glowing drain.
   231 | Sewer    | Entered a sewer
   371 | Sewer    | Slain by a kobold

Illustrated notes

Levels and vault maps discovered:
D:5:      layout_basic, gammafunk_temple_overflow_statue, portal_sewer_entry_e,
          uniq_eustachio, uniq_edmund, uniq_prince_ribbit1, uniq_pikel
Sewer:    sewer_co_15_rooms

Action                   || total
-------------------------++-------
Melee: Hand axe          ||    26
  Use: Scroll            ||     2
 Stab: Sleeping          ||     1
Armor: Leather armour    ||     3
Dodge: Dodged            ||    14

Table legend: (Time is in decaauts)
 A = Elapsed time spent in this place.
 B = Non-inter-level travel time spent in this place.
 C = Inter-level travel time spent in this place.
 D = Time resting spent in this place.
 E = Time spent auto-exploring this place.
 F = Levels seen in this place.
 G = Mean time per level.
                   A        B        C        D        E       F      G
               +--------+--------+--------+--------+--------+-----+--------+
         Total |    390 |    390 |      0 |    220 |      1 |   2 |  195.0 |
       Dungeon |    234 |    234 |      0 |    142 |      0 |   1 |  234.0 |
         Sewer |    156 |    156 |      0 |     78 |      1 |   1 |  156.0 |
               +--------+--------+--------+--------+--------+-----+--------+

Top non-repeatable levels by time:
     D:5: 234 daAuts
   Sewer: 156 daAuts
